 Dungeon Crawl Stone Soup version 0.26-a0-672-g1df16c3386 (webtiles) character file.

Game seed: 16437896665065750738

1396 mandarbmax the Frost Mage (level 8, -1/52 HPs)
             Began as a Merfolk Ice Elementalist on Oct 19, 2020.
             Slain by a wyvern skeleton (12 damage)
             ... on level 6 of the Dungeon.
             The game lasted 00:21:22 (7510 turns).

mandarbmax the Frost Mage (MfIE)                    Turns: 7510, Time: 00:21:23

Health: -1/52      AC: 13    Str:  9    XL:     8   Next: 68%
Magic:  0/14       EV: 12    Int: 16    God:
Gold:   431        SH:  0    Dex: 14    Spells: 0/15 levels left

rFire    + . .     SeeInvis .   l - +1 long sword
rCold    . . .     Faith    .   (no shield)
rNeg     . . .     Spirit   +   C - +2 leather armour of Vueczatt {rF+ rCorr}
rPois    .         Reflect  .   y - +1 helmet
rElec    .         Harm     .   (no cloak)
rCorr    +         Rampage  .   (no gloves)
MR       .....                  G - +0 pair of boots
Stlth    ++........             c - amulet of guardian spirit
HPRegen  0.17/turn              (no ring)
MPRegen  0.14/turn              (no ring)

@: icy armour
A: change form in water, swift swim, stealthy swim
a: no special abilities


You were on level 6 of the Dungeon.
You visited 1 branch of the dungeon, and saw 6 of its levels.
You also visited: Ossuary.

You collected 548 gold pieces.
You spent 117 gold pieces at shops.

Inventory:

Hand Weapons
 h - a +0 dagger
 l - a +1 long sword (weapon)
 B - a +0 long sword of pain
Missiles
 j - 8 javelins
 t - 22 poisoned darts (quivered)
 A - 7 atropa-tipped darts
 D - 5 boomerangs
Armour
 e - a +0 kite shield
 w - a +2 leather armour of cold resistance
 y - a +1 helmet (worn)
 C - the +2 leather armour of Vueczatt (worn) {rF+ rCorr}
   (You found it on level 5 of the Dungeon)

   It protects you from fire.
   It provides partial protection from all sources of acid and corrosion.
 G - a +0 pair of boots (worn)
Jewellery
 c - an amulet of guardian spirit (around neck)
 m - an uncursed amulet of faith
 u - an uncursed ring of fire
Wands
 a - a wand of digging (4)
Scrolls
 d - 5 scrolls of teleportation
 f - a scroll of immolation
 g - 2 scrolls of magic mapping
 k - 3 scrolls of remove curse
 F - a scroll of blinking
 H - a scroll of fear {unknown}
 I - 4 scrolls of fog {unknown}
Potions
 b - a potion of brilliance
 i - a potion of curing
 n - a potion of lignification
 o - 2 potions of might
 p - a potion of resistance
 q - 2 potions of flight
 r - 3 potions of stabbing {unknown}
 s - a potion of berserk rage {unknown}
 v - 2 potions of magic {unknown}
 x - a potion of cancellation {unknown}
 z - 2 potions of haste {unknown}
 E - a potion of degeneration {unknown}


   Skills:
 - Level 3.0 Dodging
 - Level 2.1 Stealth
 - Level 4.0 Spellcasting
 + Level 3.8 Summonings
 * Level 10.4 Ice Magic


You couldn't memorise any spells.
You knew the following spells:

 Your Spells              Type           Power        Failure   Level
a - Freeze                Ice            ####         1%          1
b - Frozen Ramparts       Ice            #####.       1%          3
c - Ozocubu's Armour      Ice            #####...     1%          3
d - Summon Ice Beast      Ice/Summ       ####....     13%         4
e - Hailstorm             Conj/Ice       ###.....     28%         4

Your spell library contained the following spells:

 Spells                   Type           Power        Failure   Level


Dungeon Overview and Level Annotations

Branches:
Dungeon (6/15)            Ossuary (visited)
 Temple: D:4-7

Altars:
Dithmenos
Qazlal
Ru
Sif Muna

Shops:
D:5 [


Message History

The wyvern skeleton is severely damaged.
The wyvern skeleton closely misses you.
You riposte.
You hit the wyvern skeleton.
The wyvern skeleton is almost destroyed.
Your ice beast hits the wyvern skeleton.
Your ice beast freezes the wyvern skeleton.
The wyvern skeleton resists.
The wyvern skeleton bites your ice beast!
Your ice beast dies!
Evoke which item? (* to show all) (? for menu, Esc to quit)
Okay, then.
Quiver which item? (- for none, * to show all) (? for menu, Esc to quit)
Okay, then.
Okay, then.
You barely miss the wyvern skeleton.
The wyvern skeleton is almost destroyed.
The wyvern skeleton bites you.
* * * LOW HITPOINT WARNING * * *
The wyvern skeleton bites you!
You die...

.........##)##
##...##..##†#
...#.........#
##...##..##.## ##
##.###..#.## .### #.#
#..#. ... # #.# ...#.
##.####.# # #.# #..#..
##........ ###.#
.....###@Z....... ....#
#......#######[. #####.#
##.##....# ...##(#
#.###.#.# ##.##.#. #.#
#.#.# # #.##.#. #.# #.#.#
.## #.##.#.. #.# #.#.#
....
#.##.#..##.###.#.####..###
#.##.#....................


You could see a wyvern skeleton.

Vanquished Creatures
  Eustachio (D:4)
  Menkaure (Ossuary)
  An ogre (D:5)
  A bullfrog (D:6)
  A scorpion (D:4)
  3 hounds
  An orc priest (D:3)
  A jelly (D:5)
  An iguana (D:5)
  Ijyb (D:3)
  4 orc wizards
  5 worker ants
  2 hound skeletons
  3 mummies (Ossuary)
  A worker ant zombie (D:5)
  3 adders
  4 gnolls (D:6)
  3 white imps
  An ufetubus (D:5)
  4 worms
  6 dart slugs
  A leopard gecko (D:5)
  16 orcs
  A ball python (D:3)
  3 giant cockroaches
  4 gnoll zombies (Ossuary)
  10 goblins
  10 hobgoblins
  11 jackals
  9 kobolds
  2 quokkas
  7 bats
  3 frilled lizards
  6 gnoll skeletons (Ossuary)
  2 goblin skeletons (Ossuary)
  4 goblin zombies (Ossuary)
  6 hobgoblin skeletons (Ossuary)
  6 hobgoblin zombies (Ossuary)
  6 kobold skeletons (Ossuary)
  3 kobold zombies (Ossuary)
  4 orc skeletons (Ossuary)
  4 orc zombies (Ossuary)
  9 rats
  A rat skeleton (Ossuary)
  3 rat zombies (Ossuary)
179 creatures vanquished.

Vanquished Creatures (collateral kills)
  The ghost of Demosthentine the Shield-Bearer, an amateur FoFi (D:4)
  Blork the orc (D:4)
  A white imp (D:5)
  A worm (D:4)
4 creatures vanquished.

Vanquished Creatures (others)
  A kobold zombie (Ossuary)
1 creature vanquished.

Grand Total: 184 creatures vanquished

Notes
Turn   | Place    | Note
-------+----------+-------------------------------------------
     0 | D:1      | mandarbmax the Merfolk Ice Elementalist began the quest for
                  | the Orb.
     0 | D:1      | Reached XP level 1. HP: 13/13 MP: 3/3
   247 | D:1      | Reached XP level 2. HP: 19/19 MP: 5/5
   426 | D:1      | Reached skill level 5 in Ice Magic
   668 | D:1      | Reached XP level 3. HP: 24/24 MP: 4/6
   998 | D:1      | Learned a level 3 spell: Frozen Ramparts
  1230 | D:2      | Reached XP level 4. HP: 30/30 MP: 2/7
  1986 | D:2      | Found a stormy altar of Qazlal.
  1989 | D:2      | Found a shimmering blue altar of Sif Muna.
  1992 | D:2      | Found a shadowy altar of Dithmenos.
  1995 | D:2      | Found a sacrificial altar of Ru.
  2318 | D:3      | Noticed Ijyb
  2371 | D:3      | Reached skill level 6 in Ice Magic
  2718 | D:3      | Killed Ijyb
  2718 | D:3      | Reached XP level 5. HP: 28/35 MP: 6/9
  3014 | D:3      | Learned a level 3 spell: Ozocubu's Armour
  3468 | D:4      | Noticed Eustachio
  3480 | D:4      | Killed Eustachio
  3480 | D:4      | Reached skill level 7 in Ice Magic
  3480 | D:4      | Reached XP level 6. HP: 24/41 MP: 2/11
  3573 | D:4      | Found a sand-covered staircase.
  3586 | Ossuary  | Entered an ossuary
  3731 | Ossuary  | Learned a level 4 spell: Summon Ice Beast
  4228 | Ossuary  | Noticed Menkaure
  4243 | Ossuary  | Killed Menkaure
  4243 | Ossuary  | Reached skill level 8 in Ice Magic
  4243 | Ossuary  | Reached XP level 7. HP: 35/46 MP: 3/13
  5163 | D:4      | Noticed Blork the orc
  5172 | D:4      | Killed Blork the orc
  5173 | D:4      | Reached skill level 1 in Summonings
  5392 | D:4      | Reached skill level 9 in Ice Magic
  5536 | D:4      | Found a runed translucent door.
  5539 | D:4      | Noticed Demosthentine's ghost (amateur FoFi)
  5787 | D:4      | Killed Demosthentine's ghost
  5787 | D:4      | Reached XP level 8. HP: 34/52 MP: 4/14
  5923 | D:5      | Entered Level 5 of the Dungeon
  6017 | D:5      | Got a twisted leather armour
  6068 | D:4      | Identified the +2 leather armour of Vueczatt {rF+ rCorr}
                  | (You found it on level 5 of the Dungeon)
  6564 | D:5      | Reached skill level 10 in Ice Magic
  6575 | D:5      | Learned a level 4 spell: Hailstorm
  6608 | D:5      | Found Bottos's Antique Armour Shoppe.
  7108 | D:5      | Bought a pair of boots for 117 gold pieces
  7505 | D:6      | HP: 2/52 [wyvern skeleton (10)]
  7510 | D:6      | Slain by a wyvern skeleton

Illustrated notes

Levels and vault maps discovered:
D:1:      psy_arrival_radial02, layout_loops_ring
D:2:      layout_rooms, grunt_temple_overflow_cloverleaf
D:3:      layout_loops_ring, minmay_randomly_rotated_circles, uniq_ijyb
D:4:      layout_basic, ebering_ghost_reflecting_pool,
          lightli_ossuary_entry_decrepit_ruins, uniq_blork_the_orc,
          uniq_eustachio
D:5:      layout_cave_pools, serial_shops, shop_statue,
          hangedman_abyss_or_decor_lesser_grid
D:6:      layout_loops_ring, uniq_maggie, uniq_edmund

Skill      XL: |  1  2  3  4  5  6  7  8 |
---------------+-------------------------+-----
Dodging        | 3 |  3.0
Ice Magic      | 5 6 7 8 9 10 | 10.4
Spellcasting   | 3 4 |  4.0
Summonings     | 2 3 |  3.8
Stealth        | |  2.1

Action                   |  1- 3 |  4- 6 |  7- 9 || total
-------------------------+-------+-------+-------++-------
Melee: Unarmed           |    11 |       |       ||    11
       Tailslap          |     1 |       |       ||     1
       Dagger            |    11 |       |       ||    11
       Long sword        |     7 |   202 |   156 ||   365
Throw: Javelin           |     6 |       |       ||     6
       Dart              |       |     7 |     5 ||    12
 Cast: Freeze            |    17 |    10 |       ||    27
       Frozen Ramparts   |     7 |    20 |    15 ||    42
       Ozocubu's Armour  |       |     5 |     5 ||    10
       Summon Ice Beast  |       |     1 |     7 ||     8
  Use: Scroll            |       |     9 |     5 ||    14
       Potion            |       |     2 |     3 ||     5
 Stab: Sleeping          |     3 |     8 |     1 ||    12
       Distracted        |       |       |     1 ||     1
Armor: Robe              |     9 |    11 |       ||    20
       Leather armour    |       |    58 |    63 ||   121
Dodge: Dodged            |    26 |   134 |   114 ||   274
       Rpst.: Long sword |       |    38 |    40 ||    78

Table legend: (Time is in decaauts)
 A = Elapsed time spent in this place.
 B = Non-inter-level travel time spent in this place.
 C = Inter-level travel time spent in this place.
 D = Time resting spent in this place.
 E = Time spent auto-exploring this place.
 F = Levels seen in this place.
 G = Mean time per level.
                   A        B        C        D        E       F      G
               +--------+--------+--------+--------+--------+-----+--------+
         Total |   7646 |   7376 |    270 |   2104 |   3665 |   7 | 1092.3 |
       Dungeon |   6656 |   6386 |    270 |   1847 |   3292 |   6 | 1109.3 |
       Ossuary |    990 |    990 |      0 |    257 |    373 |   1 |  990.0 |
               +--------+--------+--------+--------+--------+-----+--------+

Top non-repeatable levels by time:
     D:4: 1828 daAuts
     D:3: 1301 daAuts
     D:1: 1158 daAuts
     D:5: 1011 daAuts
 Ossuary: 990 daAuts
     D:2: 983 daAuts
     D:6: 372 daAuts
